 Dungeon Crawl Stone Soup version 0.20.1-1-g8b1a95d (webtiles) character file.

11953 vomix the Warrior (level 11, -4/110 (112) HPs)
             Began as a Minotaur Berserker on Aug 9, 2017.
             Was an Elder of Trog.
             Succumbed to a spiny frog's poison
             ... on level 1 of the Lair of Beasts.
             The game lasted 00:21:10 (11066 turns).

vomix the Warrior (Minotaur Berserker)             Turns: 11066, Time: 00:21:10

HP:   -4/110 (112)  AC: 13    Str: 26    XL:     11   Next: 56%
MP:   10/10         EV:  8    Int:  4    God:    Trog [****..]
Gold: 615           SH:  0    Dex: 13    Spells: 10/10 levels left

rFire    + . .     SeeInvis .   q - +0 broad axe
rCold    . . .     Gourm    .   (no shield)
rNeg     . . .     Faith    .   t - +0 plate armour
rPois    .         Spirit   .   (helmet restricted)
rElec    .         Reflect  .   (no cloak)
rCorr    .         Harm     +   (no gloves)
MR       .....                  g - +1 pair of boots
Stlth    ..........             M - amulet of harm
Regen    0.3/turn               v - +4 ring of strength
MPRegen  0.2/turn               b - ring of protection from fire

@: lethally poisoned (-4 -> -47), about to teleport
A: retaliatory headbutt, horns 2
a: Berserk, Trog's Hand, Brothers in Arms, Burn Spellbooks, Renounce Religion


You were on level 1 of the Lair of Beasts.
You worshipped Trog.
Trog was greatly pleased with you.
You were not hungry.

You visited 3 branches of the dungeon, and saw 14 of its levels.
You also visited: Sewer.

You collected 671 gold pieces.
You spent 56 gold pieces at shops.

Inventory:

Hand Weapons
 q - a +0 broad axe (weapon)
Armour
 g - a +1 pair of boots (worn)
 t - a +0 plate armour (worn)
Jewellery
 a - an uncursed ring of positive energy
 b - a ring of protection from fire (right hand)
 v - a +4 ring of strength (left hand)
 I - a cursed ring of protection from fire
 M - an amulet of harm (around neck)
Wands
 u - a wand of random effects (26/48)
 y - a wand of lightning (8/15)
 E - a wand of polymorph (4/24)
 F - a wand of confusion (23/48)
 H - a wand of enslavement (15/24)
 N - a wand of disintegration (9/24)
Scrolls
 d - 8 scrolls of magic mapping
 f - 6 scrolls of blinking
 h - 2 scrolls of teleportation
 i - a scroll of recharging {unknown}
 k - a scroll of noise {unknown}
 l - 5 scrolls of remove curse
 m - a scroll of immolation {unknown}
 o - a scroll of fog
 r - a scroll of fear {unknown}
 s - 3 scrolls of enchant weapon {unknown}
 x - 2 scrolls of enchant armour {unknown}
 D - a scroll of torment {unknown}
Potions
 e - 2 potions of haste
 j - 3 potions of flight
 n - 6 potions of heal wounds
 p - a potion of mutation {unknown}
 w - 2 potions of brilliance {unknown}
 z - a potion of might
 A - 6 potions of curing {unknown}
 C - a potion of ambrosia {unknown}
 J - 2 potions of lignification {unknown}
Comestibles
 c - 7 bread rations
 B - 3 meat rations
 G - 3 royal jellies


   Skills:
 + Level 15.2 Fighting
 + Level 15.2 Axes
 - Level 2.4 Armour
 - Level 2.1 Dodging


You had 10 spell levels left.
You didn't know any spells.

Dungeon Overview and Level Annotations

Branches:
Dungeon (11/15)            Temple (1/1) D:5            Lair (2/6) D:11
  Swamp: Lair:2-4    Shoals: Lair:2-4     Snake: Lair:2-4    Spider: Lair:2-4
    Orc: D:9-12

Altars:
Ashenzari
Cheibriados
Dithmenos
Elyvilon
Fedhas
Gozag
Hepliaklqana
Kikubaaqudgha
Makhleb
Nemelex Xobeh
Okawaru
Qazlal
Ru
Sif Muna
Trog
Uskayaw
Vehumet
Xom
Yredelemnul
Zin
The Shining One

Shops:
D:5 *[   D:11 ?

Portals:
Trove: D:10 (give 12 potions of heal wounds)


Innate Abilities, Weirdness & Mutations

You reflexively headbutt those who attack you in melee.
You have a pair of horns on your head.


Message History

Okay, then.
As you read the scroll of teleportation, it crumbles to dust.
You feel strangely unstable.
You feel sick. The spiny frog stings you!
* * * LOW HITPOINT WARNING * * *
You are lethally poisoned!
The spiny frog poisons you!
The blink frog hits you but does no damage.
The blink frog barely misses you. You furiously retaliate!
You headbutt the blink frog!
The spiny frog stings you but does no damage.
* * * LOW HITPOINT WARNING * * *
You feel very sick. The blink frog barely misses you.
The blink frog hits you but does no damage.
The spiny frog stings you!
* * * LOW HITPOINT WARNING * * *
You are more poisoned.
The spiny frog poisons you!
The blink frog blinks!
You climb upwards.
You die...

#.............# #......#
##..###.###.#.# ##.####.#
#..#.........# #..# ##.#
#..........#.## ##.# #..#
#..#.......#.P# #..# ##.#
#..#.........## ##.# #.#
#..#.......P.# ####.# ##.##
#####..#........F#####.##.# #...#
................@.........# ##.##
.......#.......#.F....(...# #.##
........###.####..........####..#
...............................##
...............................#
##P.######.######.#PP#.#####.###
#### ### ######## ###


You could see a spiny frog and a blink frog.

Vanquished Creatures
  2 two-headed ogres (D:11)
  An unseen horror (D:11)
  The ghost of Gobbopathe the Chopper, a novice FoAK of Lugonu (D:5)
  3 spiny frogs (Lair:1)
  3 centaur skeletons
  2 komodo dragons (Lair:1)
  2 hornets
  4 blink frogs (Lair:1)
  A hippogriff (D:11)
  A wyvern (D:9)
  A basilisk (Lair:1)
  3 yaks (D:11)
  Eustachio (D:5)
  2 hungry ghosts
  Grum (D:10)
  A water moccasin (Lair:2)
  3 porcupines (Lair:1)
  5 orc warriors
  4 sky beasts
  A black bear (D:7)
  An eye of draining (D:9)
  Purgy (Sewer)
  A necrophage (D:4)
  5 phantoms
  4 ogres
  3 wolves (D:10)
  5 centaurs
  6 bullfrogs
  A gnoll sergeant (D:7)
  A scorpion (D:10)
  4 wights (D:10)
  4 howler monkeys
  A centaur zombie (D:6)
  3 crimson imps
  A quasit (D:9)
  2 jellies (D:11)
  A gnoll shaman (D:5)
  12 orc wizards
  2 orc priests
  5 hounds
  2 bullfrog skeletons (D:8)
  Terence (D:2)
  2 iguanas
  5 worker ants
  2 hound zombies
  2 hound skeletons
  4 worker ant zombies
  12 gnolls
  A howler monkey skeleton (D:5)
  13 adders
  3 river rats (D:5)
  A shadow imp (D:7)
  An ooze (D:1)
  2 adder skeletons
  2 worms
  4 dart slugs
  7 leopard geckos
  38 orcs
  8 bats
  4 giant cockroaches
  7 goblins
  3 hobgoblins
  5 jackals
  4 quokkas
  4 ball pythons
  8 frilled lizards
  5 kobolds
  A leopard gecko skeleton (D:5)
  A quokka zombie (D:8)
  7 rats
264 creatures vanquished.

Vanquished Creatures (collateral kills)
  A cyclops (D:11)
1 creature vanquished.

Grand Total: 265 creatures vanquished

Notes
Turn   | Place    | Note
-------+----------+-------------------------------------------
     0 | D:1      | vomix the Minotaur Berserker began the quest for the Orb.
     0 | D:1      | Reached XP level 1. HP: 19/19 MP: 0/0
   238 | D:1      | Reached XP level 2. HP: 24/27 MP: 1/1
   706 | D:2      | Reached XP level 3. HP: 27/34 MP: 2/2
   726 | D:2      | Noticed Terence
   735 | D:2      | Killed Terence
   999 | D:2      | Reached skill level 5 in Axes
  1006 | D:2      | Reached XP level 4. HP: 40/41 MP: 3/3
  1149 | D:2      | Found a hazy altar of Hepliaklqana.
  1168 | D:2      | Reached skill level 5 in Fighting
  1271 | D:2      | Reached ** piety under Trog
  1647 | D:3      | Found a snail-covered altar of Cheibriados.
  2150 | D:4      | Noticed a necrophage
  2164 | D:4      | Killed a necrophage
  2164 | D:4      | Reached XP level 5. HP: 42/48 MP: 4/4
  2173 | D:4      | Found an ancient bone altar of Kikubaaqudgha.
  2796 | D:4      | Reached XP level 6. HP: 49/56 MP: 5/5
  2970 | D:5      | Entered Level 5 of the Dungeon
  2988 | D:5      | Found an iron altar of Okawaru.
  3006 | D:5      | Found Wamel's Assorted Antiques.
  3046 | D:5      | Found a glowing drain.
  3060 | D:5      | Reached *** piety under Trog
  3071 | Sewer    | Entered a sewer
  3165 | Sewer    | Noticed Purgy
  3172 | Sewer    | Killed Purgy
  3270 | D:5      | Noticed Eustachio
  3279 | D:5      | Killed Eustachio
  3279 | D:5      | Reached XP level 7. HP: 64/64 MP: 6/6
  3615 | D:5      | Noticed Gobbopathe's ghost (novice FoAK)
  3622 | D:5      | Killed Gobbopathe's ghost
  3622 | D:5      | Reached XP level 8. HP: 76/76 MP: 7/7
  3675 | D:5      | Found Sieqi's Armour Emporium.
  3776 | D:5      | Found a staircase to the Ecumenical Temple.
  3852 | Temple   | Entered the Ecumenical Temple
  4418 | D:6      | Reached skill level 10 in Fighting
  4418 | D:6      | Reached skill level 10 in Axes
  4655 | D:6      | Reached XP level 9. HP: 84/84 MP: 8/8
  4919 | D:6      | Found a blossoming altar of Fedhas.
  5525 | D:7      | Found Seastrume's Book Emporium.
  5871 | D:7      | Found a sparkling altar of Nemelex Xobeh.
  6039 | D:8      | Reached **** piety under Trog
  6591 | D:8      | You fall through a shaft for 2 floors!
  6591 | D:10     | Entered Level 10 of the Dungeon
  6662 | D:9      | Reached XP level 10. HP: 97/97 MP: 9/9
  6751 | D:9      | Found a shadowy altar of Dithmenos.
  7052 | D:9      | Got a translucent rapier
  7264 | D:9      | Found a snail-covered altar of Cheibriados.
  7731 | D:8      | Found a hide-covered altar of Uskayaw.
  7733 | D:8      | Found a radiant altar of Vehumet.
  7956 | D:10     | Noticed Grum
  7962 | D:10     | Killed Grum
  7994 | D:10     | Reached ***** piety under Trog
  8473 | D:10     | Found a portal to a secret trove of treasure.
  8715 | D:11     | Noticed a cyclops
  8724 | D:11     | Killed a cyclops
  8861 | D:11     | Identified the +5 rapier of Untimely Demise {pierce, rC- MR- Int+6 Stlth+} (You found it on level 9 of the Dungeon)
  9036 | D:11     | Found a staircase to the Lair.
  9203 | D:11     | Found Komninn's Magic Scroll Emporium.
  9208 | D:11     | Bought a scroll of magic mapping for 56 gold pieces
  9238 | D:11     | Noticed a two-headed ogre
  9243 | D:11     | Killed a two-headed ogre
  9243 | D:11     | Reached XP level 11. HP: 108/108 MP: 10/10
  9434 | D:11     | Killed an unseen horror
  9544 | D:11     | Noticed a two-headed ogre
  9548 | D:11     | Killed a two-headed ogre
  9678 | Lair:1   | Entered Level 1 of the Lair of Beasts
 10524 | Lair:1   | Reached skill level 15 in Fighting
 10524 | Lair:1   | Reached skill level 15 in Axes
 11065 | Lair:2   | HP: 3/110 [spiny frog (13)]
 11066 | Lair:1   | Succumbed to a spiny frog's poison

Skill      XL: |  1  2  3  4  5  6  7  8  9 10 11 |
---------------+----------------------------------+-----
Axes           | 4 5 6 7 8 10 12 14 15 | 15.2
Fighting       | 4 6 7 9 10 12 14 15 | 15.2
Armour         | |  2.4
Dodging        | |  2.1

Action                   |  1- 3 |  4- 6 |  7- 9 | 10-12 || total
-------------------------+-------+-------+-------+-------++-------
Melee: Hand axe          |    64 |    25 |       |       ||    89
       Headbutt          |     6 |    21 |    42 |    59 ||   128
       Broad axe         |       |   125 |   204 |   212 ||   541
Invok: Berserk           |     1 |     2 |     9 |     6 ||    18
       Trog's Hand       |       |     2 |     8 |     5 ||    15
       Brothers in Arms  |       |       |       |     1 ||     1
  Use: Scroll            |       |     6 |     6 |     2 ||    14
       Potion            |       |       |     1 |       ||     1
  Eat: Chunk             |     1 |     6 |     8 |    24 ||    39
       Meat ration       |       |     1 |     1 |       ||     2
       Royal jelly       |       |     1 |     1 |     1 ||     3
       Bread ration      |       |       |     1 |       ||     1
       Fruit             |       |       |       |     1 ||     1
Armor: Chain mail        |    31 |   106 |    24 |       ||   161
       Plate armour      |       |       |    79 |   105 ||   184
Dodge: Dodged            |    34 |    87 |    81 |    90 ||   292
